 Dungeon Crawl Stone Soup version 0.21.1-1-g345015f (webtiles) character file.

84164 Fang the Severer (level 15, -9/99 HPs)
             Began as a Gargoyle Berserker on May 22, 2018.
             Was the Champion of Trog.
             Mangled by an orc warrior
             ... wielding a +0 war axe
              (27 damage)
             ... on level 2 of the Orcish Mines.
             The game lasted 00:46:44 (26435 turns).

Fang the Severer (Gargoyle Berserker)              Turns: 26435, Time: 00:46:44

Health: -9/99      AC: 24    Str: 32    XL:     15   Next: 79%
Magic:  5/5        EV: 16    Int: 11    God:    Trog [******]
Gold:   2372       SH:  0    Dex:  9    Spells: 14/14 levels left

rFire    . . .     SeeInvis .   h - +7 executioner's axe (antimagic)
rCold    . . .     Gourm    .   (shield currently unavailable)
rNeg     + . .     Faith    .   s - +3 leather armour
rPois    ∞         Spirit   .   w - +2 helmet
rElec    +         Reflect  .   (no cloak)
rCorr    .         Harm     .   (no gloves)
MR       +....                  L - +2 pair of boots {run}
Stlth    ++++......             y - amulet of regeneration
HPRegen  0.66/turn              F - +5 ring of strength
MPRegen  0.09/turn              G - +3 ring of intelligence

@: berserk cooldown, flying, slowed, very slow
A: big wings, negative energy resistance 1, electricity resistance, unbreathing,
petrification resistance, rot immunity, AC +11
a: Stop Flying, Berserk, Trog's Hand, Brothers in Arms, Burn Spellbooks,
Renounce Religion


You were on level 2 of the Orcish Mines.
You worshipped Trog.
Trog was exalted by your worship.
You were hungry.

You visited 5 branches of the dungeon, and saw 25 of its levels.

You collected 2372 gold pieces.

Inventory:

Hand Weapons
 h - a +7 antimagic executioner's axe (weapon)
 p - a +6 hand axe of freezing
 H - the +2 war axe of the Inquisitive Runes {flame, *Drain Str+4 Int+2}
   (You found it on level 3 of the Lair of Beasts)

   It has been specially enchanted to burn those struck by it, causing extra
   injury to most foes and up to half again as much damage against particularly
   susceptible opponents.
   Big, fiery blades are also staple armaments of hydra-hunters.
   It affects your strength (+4).
   It affects your intelligence (+2).
   It causes draining when unequipped.
 K - a +7 executioner's axe of electrocution
Missiles
 o - 7 exploding tomahawks (quivered)
Armour
 s - a +3 leather armour (worn)
 w - a +2 helmet (worn)
 L - a +2 pair of boots of running (worn)
Jewellery
 e - an uncursed amulet of rage
 y - an amulet of regeneration (around neck)
 z - a +4 ring of dexterity
 F - a +5 ring of strength (left hand)
 G - a +3 ring of intelligence (right hand)
 Q - the ring of Xiylum {+Inv rPois Str+4 Int-3 Dex+3 Slay+6, unknown}
   (You found it on level 14 of the Dungeon)

   [ring of poison resistance]

   It affects your strength (+4).
   It affects your intelligence (-3).
   It affects your dexterity (+3).
   It affects your accuracy and damage with ranged weapons and melee attacks
   (+6).
   It protects you from poison.
   It lets you turn invisible.
 S - a cursed ring of loudness {unknown}
 T - an uncursed ring of stealth {unknown}
Wands
 i - a wand of polymorph (6)
 n - a wand of acid (29)
 v - a wand of flame (85)
 x - a wand of enslavement (12)
 B - a wand of random effects (114)
 D - a wand of paralysis (19)
 E - a wand of digging (35)
 P - a wand of scattershot (6)
Scrolls
 b - 6 scrolls of identify
 d - a scroll of fear
 g - 13 scrolls of remove curse
 k - 5 scrolls of teleportation
 r - a scroll of fog
 A - 5 scrolls of enchant armour
 N - a scroll of blinking
 O - 2 scrolls of magic mapping
 R - a scroll of brand weapon {unknown}
Potions
 a - 4 potions of flight
 f - 6 potions of curing
 j - 3 potions of agility
 l - 5 potions of berserk rage
 m - a potion of haste
 q - 3 potions of lignification
 t - 4 potions of brilliance
 u - a potion of magic
 C - 2 potions of cancellation
 I - 2 potions of mutation
 J - 4 potions of might
 M - 2 potions of resistance
Comestibles
 c - 34 rations
 U - 2 chunks of flesh


   Skills:
 + Level 13.4 Fighting
 + Level 17.6 Axes
 + Level 6.8 Armour
 + Level 9.6 Dodging
 + Level 9.5 Stealth


You had 14 spell levels left.
You didn't know any spells.

Dungeon Overview and Level Annotations

Branches:
Dungeon (15/15)            Temple (0/1) D:7            Lair (6/6) D:10
  Swamp (1/4) Lair:3        Snake (0/4) Lair:3        Slime (0/5) Lair:5
    Orc (2/2) D:12            Elf (0/3) Orc:2        Vaults (0/5) D:13
 Depths (1/5) D:15

Altars:
Elyvilon
Sif Muna
Beogh

Shops:
D:11 :

Annotations:
D:11 exclusions: oklob plant and oklob sapling


Innate Abilities, Weirdness & Mutations

You are resistant to torment.
Your stone body is resilient. (AC +11)
You are immune to poison.
Your large and strong wings let you fly indefinitely.
You resist negative energy. (rN+)
You are resistant to electric shocks. (rElec)
You can survive without breathing.
You are immune to petrification.
You are immune to rotting.


Message History

The orc warrior no longer looks unusually strong.
The orc priest hits you with a trident.
* * * LOW HITPOINT WARNING * * *
The orc warrior hits you with a short sword.
* * * LOW HITPOINT WARNING * * *
The orc knight closely misses you.
The orc priest calls down the wrath of Beogh upon you.
You resist with significant effort. The orc warrior closely misses you.
An orc warrior comes into view. It is wielding a flail.
You slice the orc warrior!!
You kill the orc warrior!
Trog accepts your kill.
You slash the orc priest!
You kill the orc priest!
Trog accepts your kill.
You slash the orc warrior!
The orc warrior no longer looks unusually strong.
The orc knight misses you.
The orc warrior moves out of view.
The orc warrior hits you with a war axe!!
You die...

##.####.........#
### ##...)......
#####.###......#
##.##...#......##
###...##.###....##
##..#)##...##..###
##.##...)..........#
#......†)).^.#....##
#
##....)@)#...##.###
#### ##...o)#...##
## #... #....o###..#
#### ##..o# #### #.
..... ## ..#... #
...... # .#.. # #


You could see an orc knight, an orc warrior and an orc.

Vanquished Creatures
  Frances (D:13)
  A stone giant (Orc:2)
  A slime creature (Swamp:1)
  Fannar (D:10)
  2 hydras
  Erica (Lair:1)
  Harold (D:10)
  2 centaur warriors
  A catoblepas (Lair:5)
  2 dancing weapons (D:13)
  2 alligators (Swamp:1)
  A queen ant (Lair:3)
  4 two-headed ogres
  3 orc high priests
  Nergalle (Lair:1)
  5 death yaks (Lair:3)
  A skeletal warrior (D:15)
  A swamp dragon (Swamp:1)
  2 unseen horrors
  A shambling mangrove (Swamp:1)
  A wizard (D:15)
  4 orc knights (Orc:2)
  Pikel (D:6)
  A flayed ghost (D:15)
  A necromancer (D:15)
  A wolf spider zombie (D:15)
  2 orc sorcerers (Orc:2)
  5 ugly things
  3 cyclopes
  A fire giant zombie (D:15)
  2 deep elf magi (D:13)
  5 elephants (Lair:3)
  2 black mambas
  5 centaur zombies
  Joseph (D:8)
  An elf zombie (D:15)
  8 spiny frogs
  3 gargoyles
  A yaktaur zombie (D:15)
  A freezing wraith (D:14)
  A rime drake (Lair:3)
  8 komodo dragons
  6 kobold demonologists
  A guardian mummy (D:15)
  7 polar bears
  A merfolk (D:11)
  5 trolls
  A queen bee (D:11)
  8 hornets
  7 blink frogs
  A dream sheep (Lair:6)
  8 hippogriffs
  12 spriggans (Lair:6)
  5 wyverns
  6 basilisks
  3 wraiths
  Eustachio (D:6)
  4 shadows
  43 yaks
  3 hungry ghosts
  Menkaure (D:5)
  A steam dragon (Lair:5)
  9 vampire mosquitoes
  The ghost of leafyfresh the Changer, an amateur MfTm of Cheibriados (D:4)
  2 swamp worms (Swamp:1)
  Edmund (D:5)
  5 wargs
  5 soldier ants (Lair:3)
  8 porcupines
  12 water moccasins
  24 orc warriors
  A slave (D:6)
  An eye of draining (shapeshifter) (D:14)
  3 sky beasts
  11 ice beasts
  3 phantoms
  3 black bears
  A swamp drake (Swamp:1)
  2 necrophages
  16 ogres
  21 wolves (Lair:6)
  4 boggarts (Lair:6)
  13 centaurs
  15 crocodiles
  6 big kobolds
  19 bullfrogs
  3 scorpions
  A tengu zombie (D:15)
  A wyvern skeleton (D:10)
  2 vampire bats (D:13)
  33 killer bees
  5 howler monkeys
  4 crimson imps
  A quasit (D:12)
  21 jellies
  25 orc priests
  4 hounds
  3 iguanas
  15 orc wizards
  5 bullfrog skeletons
  2 centaur skeletons
  18 worker ants
  19 adders
  6 shadow imps
  2 oozes
  A worm (D:2)
  2 dart slugs (D:1)
  5 leopard geckos
  90 orcs
  14 bats
  5 giant cockroaches
  12 goblins
  7 hobgoblins
  13 jackals
  24 kobolds
  9 quokkas
  9 ball pythons
  5 frilled lizards
  A leopard gecko skeleton (D:5)
  A leopard gecko zombie (D:5)
  A quokka skeleton (D:4)
  A quokka zombie (D:8)
  8 rats
  6 fungi
  16 plants
  A withered plant (D:15)
803 creatures vanquished.

Vanquished Creatures (others)
  2 fungi (Lair:6)
  7 plants
  6 withered plants (D:15)
15 creatures vanquished.

Grand Total: 818 creatures vanquished

Notes
Turn   | Place    | Note
-------+----------+-------------------------------------------
     0 | D:1      | Fang the Gargoyle Berserker began the quest for the Orb.
     0 | D:1      | Reached XP level 1. HP: 14/14 MP: 1/1
   337 | D:1      | Reached XP level 2. HP: 14/19 MP: 2/2
   347 | D:1      | Reached skill level 3 in Axes
   700 | D:1      | Reached XP level 3. HP: 21/24 MP: 3/3
   715 | D:1      | Reached ** piety under Trog
  1280 | D:2      | Reached XP level 4. HP: 29/29 MP: 4/4
  1986 | D:3      | Reached XP level 5. HP: 27/33 MP: 5/5
  1992 | D:3      | Reached skill level 4 in Axes
  2018 | D:3      | Reached skill level 1 in Stealth
  2498 | D:3      | Reached XP level 6. HP: 39/39 MP: 6/6
  2798 | D:4      | Reached *** piety under Trog
  3048 | D:4      | Noticed leafyfresh's ghost (amateur MfTm)
  3061 | D:4      | Killed leafyfresh's ghost
  3061 | D:4      | Reached skill level 5 in Axes
  3191 | D:4      | Noticed a sky beast
  3197 | D:4      | Killed a sky beast
  3197 | D:4      | Reached XP level 7. HP: 44/44 MP: 7/7
  3578 | D:5      | Entered Level 5 of the Dungeon
  3643 | D:5      | Reached skill level 5 in Fighting
  3643 | D:5      | Reached skill level 6 in Axes
  3742 | D:5      | Noticed Menkaure
  3755 | D:5      | Killed Menkaure
  3755 | D:5      | Reached XP level 8. HP: 49/49 MP: 8/8
  4079 | D:5      | Found a white marble altar of Elyvilon.
  4266 | D:5      | Reached skill level 7 in Axes
  4662 | D:6      | Noticed Edmund
  4685 | D:5      | Killed Edmund
  4833 | D:6      | Reached **** piety under Trog
  4889 | D:6      | Reached skill level 8 in Axes
  4889 | D:6      | Reached XP level 9. HP: 34/55 MP: 9/9
  5048 | D:6      | Noticed Pikel
  5061 | D:6      | Killed Pikel
  5350 | D:6      | Noticed Eustachio
  5365 | D:6      | Killed Eustachio
  5365 | D:6      | Reached skill level 9 in Axes
  5888 | D:7      | Found a staircase to the Ecumenical Temple.
  6108 | D:7      | Reached ***** piety under Trog
  6395 | D:7      | Reached skill level 10 in Axes
  6395 | D:7      | Reached XP level 10. HP: 63/63 MP: 10/10
  7062 | D:8      | Noticed Joseph
  7086 | D:9      | Reached skill level 5 in Dodging
  7384 | D:8      | Killed Joseph
  7565 | D:8      | Reached skill level 5 in Stealth
  7589 | D:8      | Noticed a two-headed ogre
  7664 | D:8      | Killed a two-headed ogre
  7664 | D:8      | Reached skill level 11 in Axes
  7844 | D:8      | Received a gift from Trog
  7980 | D:9      | Reached XP level 11. HP: 68/68 MP: 11/11
  8575 | D:10     | Entered Level 10 of the Dungeon
  8719 | D:10     | Noticed Harold
  8733 | D:10     | Killed Harold
  8830 | D:10     | Noticed a two-headed ogre
  8831 | D:10     | Noticed Fannar
  8959 | D:10     | Killed an unseen horror
  8962 | D:10     | Killed a two-headed ogre
  8980 | D:10     | Killed Fannar
  9381 | D:10     | Reached skill level 12 in Axes
  9450 | D:10     | Found a staircase to the Lair.
  9948 | Lair:1   | Entered Level 1 of the Lair of Beasts
 10265 | D:11     | Found a white marble altar of Elyvilon.
 10319 | D:11     | Received a gift from Trog
 10324 | D:11     | Reached skill level 5 in Armour
 10394 | D:11     | Noticed a green ugly thing
 10400 | D:11     | Killed a green ugly thing
 10400 | D:11     | Reached XP level 12. HP: 61/76 MP: 4/12
 10425 | D:11     | Found Putasik's Book Emporium.
 11500 | Lair:1   | Noticed Erica
 11508 | Lair:1   | Killed Erica
 11528 | Lair:1   | Noticed Nergalle
 11550 | Lair:1   | Killed Nergalle
 11550 | Lair:1   | Reached skill level 13 in Axes
 11967 | Lair:1   | Received a gift from Trog
 12661 | Lair:2   | Reached skill level 10 in Fighting
 13426 | Lair:2   | Reached XP level 13. HP: 65/82 MP: 4/13
 13546 | Lair:3   | Got a transparent war axe
 13547 | Lair:3   | Identified the +2 war axe of the Inquisitive Runes {flame, *Drain Str+4 Int+2} (You found it on level 3 of the Lair of Beasts)
 13606 | Lair:3   | Reached skill level 14 in Axes
 13949 | Lair:3   | Found a staircase to the Snake Pit.
 14048 | Lair:3   | Found a staircase to the Swamp.
 14263 | Lair:3   | HP: 1/126 [death yak (17)]
 15661 | Lair:4   | HP: 2/84 [yak (4)]
 16692 | Lair:5   | Reached skill level 15 in Axes
 16765 | Lair:5   | Found a staircase to the Slime Pits.
 17431 | Lair:5   | Gained mutation: Your large and strong wings let you fly indefinitely. [Gargoyle growth]
 17431 | Lair:5   | Reached XP level 14. HP: 81/90 MP: 14/14
 17952 | Lair:6   | Entered Level 6 of the Lair of Beasts
 19182 | Lair:6   | Received a gift from Trog
 20488 | D:12     | Identified a scroll of acquirement
 20880 | D:12     | Identified a +0 pair of boots of running (You found it on level 12 of the Dungeon)
 20919 | D:12     | Received a gift from Trog
 21217 | D:12     | Found a staircase to the Orcish Mines.
 21577 | Orc:1    | Entered Level 1 of the Orcish Mines
 22340 | D:13     | Reached skill level 16 in Axes
 22390 | D:13     | Found a gate to the Vaults.
 22594 | D:13     | Reached ****** piety under Trog
 22851 | D:13     | Noticed Frances
 22867 | D:13     | Killed Frances
 22920 | D:13     | Reached XP level 15. HP: 97/97 MP: 5/15
 23466 | D:14     | Found a deep blue altar of Sif Muna.
 23558 | D:14     | Received a gift from Trog
 23760 | D:14     | Got a clouded turquoise ring
 24015 | D:15     | Entered Level 15 of the Dungeon
 24295 | D:15     | Found a staircase to the Depths.
 24595 | D:15     | Reached skill level 17 in Axes
 24776 | Depths:1 | Entered Level 1 of the Depths
 25164 | Swamp:1  | Entered Level 1 of the Swamp
 25702 | Orc:2    | Entered Level 2 of the Orcish Mines
 25956 | Orc:2    | Found a staircase to the Elven Halls.
 26054 | Orc:2    | Found a roughly hewn altar of Beogh.
 26270 | Orc:2    | Received a gift from Trog
 26435 | Orc:2    | Mangled by an orc warrior

Skill      XL: |  1  2  3  4  5  6  7  8  9 10 11 12 13 14 15 |
---------------+----------------------------------------------+-----
Axes           | 3 4 5 6 8 10 11 12 13 15 16 17 | 17.6
Fighting       | 4 5 6 7 9 10 11 12 13 | 13.4
Dodging        | 2 3 4 5 7 8 9 |  9.6
Stealth        | 1 2 3 4 5 7 8 9 |  9.5
Armour         | 3 4 5 6 |  6.8

Action                   |  1- 3 |  4- 6 |  7- 9 | 10-12 | 13-15 || total
-------------------------+-------+-------+-------+-------+-------++-------
Melee: Hand axe          |   115 |   161 |   262 |   348 |       ||   886
       Battleaxe         |       |       |       |   306 |       ||   306
       Executioner's axe |       |       |       |    56 |   524 ||   580
       War axe           |       |       |       |       |   516 ||   516
Invok: Berserk           |       |     4 |     7 |    13 |    20 ||    44
       Burn Spellbooks   |       |       |       |     2 |     3 ||     5
       Brothers in Arms  |       |       |       |     2 |       ||     2
  Use: Scroll            |       |    13 |     6 |     8 |    11 ||    38
       Potion            |       |       |       |     7 |     2 ||     9
 Stab: Sleeping          |     1 |     1 |     4 |    15 |    20 ||    41
       Distracted        |       |       |       |     1 |     2 ||     3
       Confused          |       |       |       |       |     1 ||     1
  Eat: Chunk             |     1 |     7 |    13 |    23 |    44 ||    88
       Ration            |       |     1 |     1 |     4 |     5 ||    11
Armor: Animal skin       |    39 |    58 |       |       |       ||    97
       Leather armour    |       |    25 |    87 |   369 |   530 ||  1011
       Skin              |       |       |       |       |    14 ||    14
Dodge: Dodged            |    77 |   112 |   153 |   616 |   838 ||  1796
